 Dungeon Crawl Stone Soup version 0.31-a0-524-g2a164cf6a2 (webtiles) character file.

Game seed: 13105160009981357582

151597 AdnanSaban the Peltast (level 17, -2/115 HPs)
             Began as a Gargoyle Fighter on Aug 12, 2023.
             Was the Champion of Okawaru.
             Slain by Donald
             ... wielding a +0 scimitar of draining
              (20 damage)
             ... on level 3 of the Lair of Beasts.
             The game lasted 00:44:28 (25389 turns).

AdnanSaban the Peltast (Gargoyle Fighter)          Turns: 25389, Time: 00:44:28

Health: -2/115     AC: 56    Str: 26    XL:     17   Next: 26%
Magic:  30/32      EV:  9    Int: 19    God:    Okawaru [******]
Gold:   3195       SH: 20    Dex:  9    Spells: 16/16 levels left

rFire   + . .        b - +0 demon whip (venom)
rCold   + . .        W - +5 kite shield "Deatt" {rF+ rN+ Int+6}
rNeg    + + .        I - +2 crystal plate armour of Pism {rPois MP+9}
rPois   ∞            D - +2 hat
rElec   +            a - +0 cloak {rC+}
rCorr   +            V - +2 pair of gloves
SInv    .            X - +4 pair of boots "Monketun" {Rampage Int+2}
Will    +....        C - amulet of regeneration Stlth
                     f - ring of resist corrosion
HPRegen 1.19/turn    v - +4 ring of protection
MPRegen 0.23/turn

%: rampage
@: heroic, flying
A: sickness immunity, AC +12, big wings, negative energy resistance 1,
electricity resistance, torment resistance 1, petrification resistance
}: 1/15 runes: decaying
a: Renounce Religion, Heroism, Finesse, Duel


You were on level 3 of the Lair of Beasts.
You worshipped Okawaru.
Okawaru was exalted by your worship.
You visited 5 branches of the dungeon, and saw 24 of its levels.
You also visited: Ice Cave.

You collected 3195 gold pieces.

Inventory:

Hand Weapons
 b - a +0 demon whip of venom (weapon)
 r - a +3 morningstar of flaming
Missiles
 h - 32 poisoned darts (quivered)
 n - 16 boomerangs
 K - 3 throwing nets
Armour
 a - a +0 cloak of cold resistance (worn)
 A - a +4 scale mail of cold resistance
 D - a +2 hat (worn)
 I - the +2 crystal plate armour of Pism (worn) {rPois MP+9}
   (Okawaru gifted it to you on level 4 of the Swamp)

   rPois:     It protects you from poison MP+9: It affects your magic capacity
   (+9).
 V - a +2 pair of gloves (worn)
 W - the +5 kite shield "Deatt" (worn) {rF+ rN+ Int+6}
   (Okawaru gifted it to you on level 3 of the Lair of Beasts)

   Int+6:     It affects your intelligence (+6).
   rF+:       It protects you from fire.
   rN+:       It protects you from negative energy.
 X - the +4 pair of boots "Monketun" (worn) {Rampage Int+2}
   (Okawaru gifted it to you on level 1 of the Swamp)

   Int+2:     It affects your intelligence (+2).
   Rampage:   It bestows one free step when moving towards enemies.
Jewellery
 f - a ring of resist corrosion (left hand)
 v - a +4 ring of protection (right hand)
 y - a ring of protection from fire
 C - an amulet of regeneration (around neck)
 H - a ring of see invisible
 Q - a ring of willpower
 T - a ring of fire
 Y - a ring of protection from cold
Wands
 x - a wand of light (5)
 F - a wand of polymorph (11)
 L - a wand of mindburst (15)
 O - a wand of flame (45)
 Z - a wand of digging (13)
Scrolls
 c - 5 scrolls of fear
 i - 7 scrolls of enchant weapon {unknown}
 j - 5 scrolls of immolation
 k - 5 scrolls of identify
 l - 4 scrolls of blinking
 m - 3 scrolls of fog
 o - 8 scrolls of noise {unknown}
 t - 5 scrolls of poison
 u - 7 scrolls of teleportation {unknown}
 w - 3 scrolls of revelation
 G - a scroll of brand weapon {unknown}
 M - 3 scrolls of enchant armour
 N - a scroll of butterflies {unknown}
 R - a scroll of vulnerability {unknown}
Potions
 d - 3 potions of might
 e - 5 potions of haste
 g - 3 potions of ambrosia
 p - 6 potions of attraction {unknown}
 q - a potion of cancellation {unknown}
 s - 6 potions of curing
 z - 8 potions of lignification {unknown}
 B - a potion of invisibility {unknown}
 E - 6 potions of heal wounds
 J - 4 potions of berserk rage


   Skills:
 * Level 16.0(21.0) Fighting
 + Level 15.0(20.0) Maces & Flails
 + Level 1.6(6.6) Throwing
 + Level 11.3(16.3) Armour
 + Level 8.5(13.5) Dodging
 + Level 3.2(8.2) Stealth
 + Level 18.0(23.0) Shields
 + Level 9.0 Invocations


You had 16 spell levels left.
You didn't know any spells.
Your spell library contained the following spells:

 Spells                   Type           Power      Damage    Failure   Level
 Sandblast                Erth           0%         2d4       99%         1
 Ensorcelled Hibernation  Hex/Ice        0%         N/A       100%        2
 Passwall                 Tmut/Erth      0%         N/A       100%        2
 Portal Projectile        Hex/Tloc       0%         N/A       100%        3
 Stone Arrow              Conj/Erth      0%         3d7       100%        3
 Anguish                  Hex/Necr       0%         N/A       100%        4
 Leda's Liquefaction      Hex/Erth       0%         N/A       100%        4
 Iskenderun's Battlesphe  Conj           0%         2d6       100%        5
 Lee's Rapid Deconstruct  Erth           0%         3d4*      100%        5
 Leda's Unmaking          Conj/Erth      0%         9d1       100%        6
 Call Canine Familiar     Summ           Unusable   N/A       N/A         3
 Spellforged Servitor     Conj/Summ      Unusable   N/A       N/A         7

Dungeon Overview and Level Annotations

Branches:
Dungeon (12/15)            Temple (0/1) D:5            Lair (5/5) D:8
  Swamp (4/4) Lair:3        Snake (1/4) Lair:3        Slime (0/5) Lair:4
    Orc (2/2) D:10            Elf (0/3) Orc:2         IceCv (visited)

Altars:
Ashenzari
Cheibriados
Elyvilon
Fedhas
Makhleb
Nemelex Xobeh
Okawaru
Uskayaw
Xom

Shops:
D:1 (   Orc:2 (?(*

Portals:
Trove: D:11 (give +4 demon whip)

Annotations:
Lair:3 Donald


Innate Abilities, Weirdness & Mutations

You are immune to sickness and miasma.
Your stone body is resilient. (AC +12)
You are immune to poison.
Your large and strong wings let you fly.
You resist negative energy. (rN+)
You are resistant to electric shocks. (rElec)
You are resistant to unholy torment.
You are immune to petrification.


Message History

You block Donald's attack. The shock serpent bites you.
The shock serpent shocks you. You resist.
You thrash the shock serpent!!
The shock serpent is heavily wounded.
The shock serpent's electric aura discharges, shocking you!
You resist.
Donald hits you with a +0 scimitar of draining!
The shock serpent bites you but does no damage.
You hit the shock serpent.
The shock serpent is heavily wounded.
You block Donald's attack.
The shock serpent shoots out a bolt of lightning at you!
The bolt of electricity hits you. You resist. The bolt of electricity hits you.
You resist.
The bolt of electricity hits the shock serpent.
The shock serpent completely resists.
The bolt of electricity hits the shock serpent.
The shock serpent completely resists.
Donald blocks your attack. You block Donald's attack.
Donald blocks your attack. You block the shock serpent's attack.
You gain the combat prowess of a mighty hero.
Donald hits you with a +0 scimitar of draining!
The shock serpent bites you but does no damage.
Donald hits you but does no damage.
The shock serpent bites you but does no damage.
You thrash Donald!!
Donald is moderately wounded.
You whack Donald!
Donald is heavily wounded.
Donald hits you with a +0 scimitar of draining!!
* * * LOW HITPOINT WARNING * * *
You block the shock serpent's attack.
You thrash Donald!!
Donald looks as sick as possible!
Donald is almost dead.
You block the shock serpent's attack. You block Donald's attack.
You hit Donald but do no damage.
Donald is almost dead.
You block the shock serpent's attack.
Donald hits you with a +0 scimitar of draining!!
You die...

#....................#
##..>#####....#...##.##
#....###.##..#####P..#
#.P....##.....##
##.############
##.<............##
#.###..##.P.P.
#.#.##..#.P..##.P#
#.............
..#####.........##
####P...#..### ...#
#.###....@### ##.#######.
~♣.####.........@.## ###
####
.~~♣.#P...###...S..######
#... .~.~♣.P.###
#...#.P##..^# #...
~.~.~...# ##..#.......#
#.## ...~~♣..#
#..####P..<# #..#
~.~..~♣.# ##..## ###..#
##.## ~..~~.♣.## #....#
##.######...# .....~♣..#
##..## #..###.###.##
~~~~~...##
##..######.........#


You could see Donald (fast, strong, extremely poisoned) and a shock serpent
(poisoned).

Vanquished Creatures
  A tentacled monstrosity (Swamp:4)
  Mlioglotl (Swamp:3)
  A fenstrider witch (Swamp:3)
  5 eleionomae
  A white draconian (IceCv)
  5 bunyips
  2 shambling mangroves (Swamp:4)
  5 ogre magi (Orc:2)
  23 two-headed ogres
  14 hydras
  2 catoblepae
  A ghost crab (Swamp:3)
  5 boulder beetles
  8 alligators
  A naga warrior (Snake:1)
  A spriggan berserker (Swamp:4)
  3 orc high priests
  A skyshark (Lair:2)
  7 spriggan druids
  5 goliath frogs
  Amaemon (Lair:2)
  11 swamp dragons
  2 orc knights
  5 bog bodies
  A deep elf pyromancer (D:12)
  2 ugly things
  2 manticores
  A cyclops (D:12)
  A mana viper (Snake:1)
  2 salamanders (Snake:1)
  7 will-o-the-wisps
  5 elephants
  2 guardian serpents (Snake:1)
  4 black mambas
  2 water nymphs (Swamp:2)
  2 naga magi (Snake:1)
  A gargoyle (D:12)
  An orange demon (Lair:2)
  An unseen horror (D:12)
  2 ice statues (IceCv)
  21 cane toads
  A torpor snail (Lair:4)
  8 rime drakes
  11 komodo dragons
  7 trolls
  20 hornets
  A bloated husk (Swamp:1)
  5 polar bears (Lair:5)
  7 tyrant leeches
  15 dream sheep
  28 blink frogs
  Grinder (D:6)
  4 slime creatures (D:12)
  31 spriggans
  32 yaks
  4 wyverns
  3 vampires
  A wraith (D:10)
  A basilisk (Lair:2)
  8 vampire mosquitoes
  3 nagas (Snake:1)
  6 wargs
  9 swamp worms
  2 acid dragons
  17 water moccasins
  15 orc warriors
  An ice beast (D:6)
  3 boggarts (Lair:5)
  12 swamp drakes
  5 black bears
  41 ogres
  33 wolves
  14 centaurs
  3 phantoms
  3 kobold brigands
  3 gnoll sergeants
  11 bullfrogs
  7 scorpions
  2 wights (D:8)
  3 lindwurm simulacra (IceCv)
  16 killer bees
  3 electric eels
  2 howler monkeys (D:9)
  A hound (D:5)
  7 komodo dragon simulacra (IceCv)
  3 iron imps (D:5)
  19 orc priests
  3 gnoll boudas
  2 sleepcaps
  3 jellies
  3 iguanas
  12 orc wizards
  A hell rat (Lair:3)
  12 adders
  27 gnolls
  5 acid dragon simulacra (IceCv)
  4 river rats (Lair:3)
  2 ufetubi
  6 steam dragon simulacra (IceCv)
  2 worms (D:2)
  4 dart slugs
  60 orcs
  9 ball pythons
  7 bats
  6 endoplasms
  3 giant cockroaches
  15 goblins
  10 hobgoblins
  10 jackals
  22 kobolds
  2 quokkas
  5 frilled lizards
  14 rats
849 creatures vanquished.

Vanquished Creatures (others)
  An alligator (Swamp:4)
  A goliath frog (Swamp:3)
  A deep elf pyromancer (D:9)
  A swamp worm (Swamp:3)
  A sky beast (D:8)
  A bullfrog (D:8)
  72 foxfires
78 creatures vanquished.

Grand Total: 927 creatures vanquished

Notes
Turn   | Place    | Note
-------+----------+-------------------------------------------
     0 | D:1      | AdnanSaban the Gargoyle Fighter began the quest for the
                  | Orb.
     0 | D:1      | Reached XP level 1. HP: 14/14 MP: 1/1
    72 | D:1      | Found Rymosh's Antique Weapon Emporium.
   119 | D:1      | Reached XP level 2. HP: 14/19 MP: 2/2
   313 | D:1      | Reached XP level 3. HP: 19/24 MP: 3/3
   790 | D:2      | Reached XP level 4. HP: 25/29 MP: 4/4
  1143 | D:2      | Reached XP level 5. HP: 33/33 MP: 5/5
  1541 | D:2      | Found a faded altar of an unknown god.
  2257 | D:3      | Noticed a black bear
  2264 | D:3      | Killed a black bear
  2265 | D:3      | Reached skill level 1 in Dodging
  2265 | D:3      | Reached skill level 4 in Shields
  2265 | D:3      | Reached XP level 6. HP: 28/38 MP: 6/6
  3054 | D:4      | Noticed a black bear
  3065 | D:4      | Killed a black bear
  3066 | D:4      | Reached XP level 7. HP: 39/44 MP: 7/7
  3219 | D:4      | Reached skill level 5 in Maces & Flails
  3771 | D:4      | Found a broken altar of Ashenzari.
  3876 | D:5      | Entered Level 5 of the Dungeon
  3937 | D:5      | Reached skill level 5 in Shields
  3937 | D:5      | Reached XP level 8. HP: 45/48 MP: 8/8
  3979 | D:5      | Reached skill level 5 in Fighting
  3986 | D:5      | Reached skill level 5 in Armour
  4095 | D:5      | Found an iron altar of Okawaru.
  4095 | D:5      | Found a runed translucent door.
  4100 | D:5      | Found the +0 toga "Victory" {*Victory Clar}
  4122 | D:5      | Became a worshipper of Warmaster Okawaru
  4197 | D:5      | Found a staircase to the Ecumenical Temple.
  4222 | D:5      | Found a hide-covered altar of Uskayaw.
  4222 | D:5      | Noticed a +0 dagger
  4223 | D:5      | Noticed a +0 hand axe
  4296 | D:5      | Found a burning altar of Makhleb.
  4429 | D:5      | Found a white marble altar of Elyvilon.
  4747 | D:5      | Reached * piety under Okawaru
  4873 | D:6      | Noticed Grinder
  4887 | D:6      | Killed Grinder
  4888 | D:6      | Reached skill level 6 in Shields
  4888 | D:6      | Reached XP level 9. HP: 54/54 MP: 9/9
  5873 | D:7      | Noticed a hornet
  5894 | D:7      | Killed a hornet
  5894 | D:7      | Reached ** piety under Okawaru
  5967 | D:7      | Reached skill level 7 in Shields
  6768 | D:8      | Found a shimmering altar of Xom.
  6843 | D:8      | Reached XP level 10. HP: 60/60 MP: 10/10
  6883 | D:8      | Reached skill level 8 in Shields
  6960 | D:8      | Reached *** piety under Okawaru
  7456 | D:8      | Identified the +5 scale mail of Vehumet's Outrage {Int+3}
  7610 | D:8      | Found a staircase to the Lair.
  7855 | D:9      | Found a sparkling altar of Nemelex Xobeh.
  7930 | D:9      | Reached skill level 1 in Invocations
  8104 | D:9      | Reached **** piety under Okawaru
  8524 | D:9      | Found a snail-covered altar of Cheibriados.
  8665 | D:9      | Noticed a deep elf pyromancer
  8673 | D:9      | Killed a deep elf pyromancer
  8674 | D:9      | Reached skill level 9 in Shields
  8733 | D:10     | Entered Level 10 of the Dungeon
  8984 | D:10     | Found a staircase to the Orcish Mines.
  9012 | D:10     | Reached XP level 11. HP: 66/66 MP: 13/13
  9335 | D:11     | Noticed a two-headed ogre
  9393 | D:10     | Killed a two-headed ogre
  9393 | D:10     | Reached ***** piety under Okawaru
  9394 | D:10     | Reached skill level 10 in Maces & Flails
  9453 | D:11     | Noticed a manticore
  9477 | D:11     | Killed a manticore
  9486 | D:11     | Reached skill level 5 in Dodging
  9738 | D:11     | Reached skill level 10 in Shields
  9780 | D:11     | Noticed a white ugly thing
  9811 | D:10     | Killed a white ugly thing
 10115 | D:11     | Found a portal to a secret trove of treasure.
 10229 | D:11     | Found a blossoming altar of Fedhas.
 10462 | D:12     | Found a frozen archway.
 10471 | IceCv    | Entered an ice cave
 11027 | IceCv    | Noticed a white draconian
 11040 | IceCv    | Reached skill level 5 in Invocations
 11043 | IceCv    | Identified the +5 ring mail of Dishonesty {rF- Will++
                  | Dex+3} (Okawaru gifted it to you in an ice cave)
 11043 | IceCv    | Received a gift from Okawaru
 11070 | IceCv    | Killed a white draconian
 11277 | D:12     | Reached XP level 12. HP: 73/73 MP: 14/16
 11470 | D:12     | Noticed a boulder beetle
 11537 | Lair:1   | Entered Level 1 of the Lair of Beasts
 11737 | Lair:1   | Reached skill level 11 in Shields
 11760 | Lair:1   | Noticed a boulder beetle
 11760 | Lair:1   | Noticed a boulder beetle
 11820 | Lair:2   | Noticed an eight-headed hydra
 11823 | Lair:2   | Noticed Amaemon
 11838 | Lair:2   | Killed an eight-headed hydra
 11855 | Lair:2   | Reached skill level 1 in Throwing
 12220 | Lair:2   | Killed Amaemon
 12220 | Lair:2   | Identified the +1 pair of boots of Nomauh {Will+ Dex+3}
                  | (Okawaru gifted it to you on level 2 of the Lair of Beasts)
 12220 | Lair:2   | Received a gift from Okawaru
 12259 | Lair:2   | Noticed a four-headed hydra
 12260 | Lair:2   | Noticed a catoblepas
 12282 | Lair:2   | Killed a four-headed hydra
 12489 | Lair:2   | Reached XP level 13. HP: 74/80 MP: 18/18
 12534 | Lair:2   | Reached ****** piety under Okawaru
 12650 | Lair:2   | Reached skill level 1 in Stealth
 13625 | Lair:1   | Reached skill level 12 in Shields
 14434 | Lair:3   | Identified the +5 kite shield "Deatt" {rF+ rN+ Int+6}
                  | (Okawaru gifted it to you on level 3 of the Lair of Beasts)
 14434 | Lair:3   | Received a gift from Okawaru
 14535 | Lair:3   | Found a staircase to the Swamp.
 14716 | Lair:3   | Found a staircase to the Snake Pit.
 15370 | Lair:4   | Reached skill level 10 in Fighting
 15381 | Lair:4   | Reached skill level 13 in Shields
 15597 | Lair:4   | Gained mutation: Your large and strong wings let you fly.
                  | [Gargoyle growth]
 15597 | Lair:4   | Reached XP level 14. HP: 88/88 MP: 20/20
 15859 | Lair:4   | Found a staircase to the Slime Pits.
 16106 | Lair:5   | Entered Level 5 of the Lair of Beasts
 16507 | Lair:5   | Reached skill level 14 in Shields
 16858 | Lair:5   | Received a gift from Okawaru
 17399 | Lair:5   | Reached skill level 10 in Armour
 18517 | D:12     | Received a gift from Okawaru
 18876 | Orc:1    | Entered Level 1 of the Orcish Mines
 18965 | D:10     | Reached XP level 15. HP: 69/96 MP: 21/21
 19067 | Orc:1    | Reached skill level 15 in Shields
 19121 | Orc:1    | You are sucked into a shaft and drop 1 floor!
 19121 | Orc:2    | Entered Level 2 of the Orcish Mines
 19128 | Orc:2    | Found a staircase to the Elven Halls.
 19872 | Orc:2    | Received a gift from Okawaru
 20067 | Orc:2    | Paralysed by an ogre mage for 5 turns
 20113 | Orc:2    | Found Ynouff's Antique Weapon Shoppe.
 20113 | Orc:2    | Found Eplec's Antique Weapon Shop.
 20256 | Orc:2    | Found Diluurul's Assorted Antiques.
 20256 | Orc:2    | Found Jus Ocvu's Magic Scroll Shoppe.
 20434 | Orc:2    | Reached skill level 16 in Shields
 20912 | Swamp:1  | Entered Level 1 of the Swamp
 21204 | Swamp:1  | Identified the +4 pair of boots "Monketun" {Rampage Int+2}
                  | (Okawaru gifted it to you on level 1 of the Swamp)
 21204 | Swamp:1  | Received a gift from Okawaru
 21322 | Swamp:1  | Found the +16 obsidian axe {drain, demonic, Mesm Drain Fly
                  | SInv}
 21798 | Swamp:2  | Reached XP level 16. HP: 105/105 MP: 22/22
 22343 | Swamp:2  | Identified the +0 chain mail "Azyemaps" {rN+}
 22887 | Swamp:3  | Identified the +3 lajatang "Dairujez" {freeze, Contam *Rage
                  | Int+6 Stlth+}
 23081 | Swamp:3  | Noticed Mlioglotl
 23146 | Swamp:3  | Killed Mlioglotl
 23391 | Swamp:3  | Found the +4 consecrated labrys {holy, Valiant Fragile Fly
                  | SInv}
 23553 | Swamp:4  | Entered Level 4 of the Swamp
 23714 | Swamp:4  | Identified the +2 crystal plate armour of Pism {rPois MP+9}
                  | (Okawaru gifted it to you on level 4 of the Swamp)
 23714 | Swamp:4  | Received a gift from Okawaru
 23858 | Swamp:4  | Reached skill level 17 in Shields
 23868 | Swamp:4  | Reached skill level 15 in Fighting
 24183 | Swamp:4  | Noticed a fenstrider witch
 24236 | Swamp:3  | Paralysed by a fenstrider witch for 3 turns
 24241 | Swamp:3  | Killed a fenstrider witch
 24614 | Swamp:4  | Reached XP level 17. HP: 112/113 MP: 23/23
 24810 | Swamp:4  | Noticed a tentacled monstrosity
 24833 | Swamp:4  | Killed a tentacled monstrosity
 25059 | Swamp:4  | Got a decaying rune of Zot
 25222 | Snake:1  | Entered Level 1 of the Snake Pit
 25306 | Snake:1  | Reached skill level 15 in Maces & Flails
 25332 | Snake:1  | Noticed Donald
 25346 | Snake:1  | Reached skill level 18 in Shields
 25389 | Lair:3   | Slain by Donald

Illustrated notes

Levels and vault maps discovered:
D:1:      lightli_arrival_windingriver, layout_basic, serial_shops,
          nicolae_shop_dealshenge, minmay_quantized
D:2:      layout_loops_ring, hellmonk_ecumenical_altar_leap_of_faith,
          serial_forest, infiniplex_forest_zigzag_1, infiniplex_forest_corner_1,
          infiniplex_forest_side_room, infiniplex_forest_lined_2,
          infiniplex_forest_lined_2, infiniplex_forest_straight_4,
          infiniplex_forest_clump_diagonal, infiniplex_forest_zigzag_1,
          solitary_fountain
D:3:      minmay_razor_zed, layout_loops_cross
D:4:      layout_loops_ring, kennysheep_mini_moat
D:5:      layout_rooms, dancing_weapons_uskayaw, elyvilon_altar_5, demons_altar,
          nicolae_overflow_guarded_unrand_okawaru_victory, temple_fountains
D:6:      layout_cave_pods, minmay_misc_feat_rows,
          amcnicky_mini_corridor_feature, uniq_grinder
D:7:      layout_basic, enter_bailey_7
D:8:      layout_loops_ring, xom_confusion_cloud, david_lair_shrubbed,
          amcnicky_mini_rare_corridor_liquid
D:9:      layout_loops_ring, mainiacjoe_overflow_concentric_impassable,
          cheibriados_altar_1, nicolae_water_bricks
D:10:     layout_roguey, david_orc_2
D:11:     layout_long_grid, trove_entry_hex_spiral, fedhas_altar_fruit_tree
D:12:     layout_loops_ring, portal_ice_cave_entry_pillars_1, nicolae_sextant
Lair:1:   layout_cave_pods, infiniplex_staircase_pool, grunt_megastairs_1,
          serial_bayou_shore_a
Lair:2:   layout_cellular_growth, serial_bayou_shore_b, grunt_megastairs_4,
          uniq_amaemon
Lair:3:   layout_loops_ring, minmay_swamp_entry_wisps, dummy_snake_entry,
          nicolae_quartered_pool_super, kennysheep_abandoned_house
Lair:4:   layout_gridlike, slime_entry_1
Lair:5:   minmay_lair_end_enchanted_forest, layout_cave_pods, fungi_pond_lemuel,
          wad_woods_03
Swamp:1:  layout_falls_marsh, evilmike_swamp_ruin_house_2
Swamp:2:  layout_falls_marsh, hangedman_swamp_cone, swamp_pool1,
          nicolae_swamp_nymph_family_reunion
Swamp:3:  layout_falls_marsh, nicolae_swamp_orc_logging_accident, swamp_pool4,
          uniq_mlioglotl
Swamp:4:  swamp_basic_johnstein, layout_basic_swamp
Snake:1:  layout_grid_maze, lemuel_fruit_tree, minmay_shop_star, uniq_donald
Orc:1:    layout_caves
Orc:2:    st_orc_ogre_mass, layout_diamond_mine

Skill      XL: |  1  2  3  4  5  6  7  8  9 10 11 12 13 14 15 16 17 |
---------------+----------------------------------------------------+-----
Maces & Flails | 3 4 6 7 8 9 11 12 13 14 15 | 15.0
Armour         | 4 5 6 7 9 10 11 | 11.3
Fighting       | 4 5 6 7 9 10 11 13 15 16 | 16.0
Dodging        | 1 2 3 4 5 6 7 8 |  8.5
Shields        | 4 5 6 7 9 10 11 13 14 16 17 18 | 18.0
Invocations    | 2 5 7 9 |  9.0
Throwing       | 1 |  1.6
Stealth        | 2 3 |  3.2

Action                     |  1- 3 |  4- 6 |  7- 9 | 10-12 | 13-15 | 16-18 || total
---------------------------+-------+-------+-------+-------+-------+-------++-------
  Melee: Flail             |   145 |   197 |   571 |  1428 |       |       ||  2341
         Demon whip        |       |       |       |    75 |  2273 |  1086 ||  3434
  Throw: Boomerang         |       |       |     5 |       |       |       ||     5
         Dart              |       |       |     3 |    12 |       |     7 ||    22
 Invoke: Heroism           |       |       |       |     2 |     1 |     2 ||     5
         Finesse           |       |       |       |     1 |       |       ||     1
    Use: Scroll            |       |       |       |       |       |    15 ||    15
   Stab: Petrified         |       |       |       |       |    23 |       ||    23
         Petrifying        |       |       |       |       |     2 |       ||     2
         Distracted        |       |       |       |       |     1 |       ||     1
         Confused          |       |       |       |       |       |     1 ||     1
 Armour: Scale mail        |    93 |   117 |   329 |  1003 |   532 |   221 ||  2295
         Crystal plate arm |       |       |       |       |       |   390 ||   390
  Dodge: Dodged            |    79 |    94 |   285 |   789 |   532 |   205 ||  1984
  Block: Buckler           |    31 |    25 |       |       |       |       ||    56
         Kite shield       |       |    64 |   324 |   988 |  1434 |   763 ||  3573

Table legend: (Time is in decaauts)
 A = Elapsed time spent in this place.
 B = Non-inter-level travel time spent in this place.
 C = Inter-level travel time spent in this place.
 D = Time resting spent in this place.
 E = Time spent auto-exploring this place.
 F = Levels seen in this place.
 G = Mean time per level.
                   A        B        C        D        E       F      G
               +--------+--------+--------+--------+--------+-----+--------+
         Total |  24173 |  22008 |   2165 |    945 |  13849 |  25 |  966.9 |
       Dungeon |  11838 |  10618 |   1220 |    351 |   7105 |  12 |  986.5 |
          Lair |   6050 |   5483 |    567 |      9 |   3821 |   5 | 1210.0 |
         Swamp |   3840 |   3616 |    224 |    345 |   1932 |   4 |  960.0 |
     Snake Pit |    136 |    136 |      0 |      0 |     39 |   1 |  136.0 |
  Orcish Mines |   1564 |   1412 |    152 |     67 |    757 |   2 |  782.0 |
      Ice Cave |    743 |    743 |      0 |    173 |    195 |   1 |  743.0 |
               +--------+--------+--------+--------+--------+-----+--------+

Top non-repeatable levels by time:
  Lair:5: 1549 daAuts
  Lair:2: 1324 daAuts
     D:8: 1257 daAuts
  Lair:1: 1123 daAuts
 Swamp:3: 1122 daAuts
     D:3: 1112 daAuts
  Lair:3: 1102 daAuts
     D:6: 1071 daAuts
     D:4: 1045 daAuts
    D:11: 1031 daAuts
 Swamp:4: 1018 daAuts
     D:2: 1003 daAuts
     D:9: 997 daAuts
  Lair:4: 950 daAuts
     D:1: 944 daAuts
